 Dungeon Crawl Stone Soup version 0.21.1-1-g345015f (webtiles) character file.

1381 sanboga the Chopper (level 8, -3/51 HPs)
             Began as a Gargoyle Berserker on Apr 30, 2018.
             Was an Elder of Trog.
             Splashed by a jelly's acid (12 damage)
             ... on level 6 of the Dungeon.
             The game lasted 00:07:20 (5053 turns).

sanboga the Chopper (Gargoyle Berserker)            Turns: 5053, Time: 00:07:21

Health: -3/51      AC:  0    Str: 23    XL:     8   Next: 67%
Magic:  8/8        EV:  8    Int:  8    God:    Trog [****..]
Gold:   215        SH:  6    Dex:  9    Spells: 7/7 levels left

rFire    . . .     SeeInvis .   a - +1 hand axe
rCold    . . .     Gourm    .   f - +2 buckler
rNeg     + . .     Faith    .   q - +0 chain mail
rPois    ∞         Spirit   .   (no helmet)
rElec    +         Reflect  .   (no cloak)
rCorr    .         Harm     .   (no gloves)
MR       .....                  (no boots)
Stlth    ..........             (no amulet)
HPRegen  0.17/turn              b - ring of flight
MPRegen  0.11/turn              p - +4 ring of protection

@: corroded
A: negative energy resistance 1, electricity resistance, unbreathing,
petrification resistance, rot immunity, AC +5
a: Berserk, Trog's Hand, Brothers in Arms, Burn Spellbooks, Renounce Religion,
Evoke Flight


You were on level 6 of the Dungeon.
You worshipped Trog.
Trog was greatly pleased with you.
You were not hungry.

You visited 1 branch of the dungeon, and saw 6 of its levels.

You collected 215 gold pieces.

Inventory:

Hand Weapons
 a - a +1 hand axe (weapon)
Armour
 f - a +2 buckler (worn)
 q - a +0 chain mail (worn)
Jewellery
 b - a ring of flight (left hand)
 j - a +5 amulet of reflection {unknown}
 o - an uncursed amulet of faith {unknown}
 p - a +4 ring of protection (right hand)
Wands
 g - a wand of flame (59)
 n - a wand of acid (4)
Scrolls
 h - 2 scrolls of teleportation
 r - a scroll of remove curse
Potions
 d - a potion of haste
 e - a potion of curing {unknown}
 i - a potion of might {unknown}
 k - a potion of degeneration {unknown}
 m - a potion of heal wounds
Comestibles
 c - 6 rations


   Skills:
 + Level 6.0 Fighting
 * Level 6.6 Axes
 + Level 5.4 Armour
 - Level 1.5 Dodging
 + Level 4.6 Shields


You had 7 spell levels left.
You didn't know any spells.

Dungeon Overview and Level Annotations

Branches:
Dungeon (6/15)             Temple (0/1) D:5

Altars:
Elyvilon
Gozag
Hepliaklqana
Okawaru


Innate Abilities, Weirdness & Mutations

You are resistant to torment.
Your stone body is resilient. (AC +5)
You are immune to poison.
You resist negative energy. (rN+)
You are resistant to electric shocks. (rElec)
You can survive without breathing.
You are immune to petrification.
You are immune to rotting.


Message History

You are too injured to fight recklessly!
You are too injured to fight recklessly!
You hit the jelly. The acid corrodes you!
Your hands burn!
The jelly is severely wounded.
You closely miss the gnoll. The gnoll closely misses you.
The jelly closely misses you.
You hit the jelly but do no damage. The acid corrodes you!
Your hands burn!
* * * LOW HITPOINT WARNING * * *
The jelly is severely wounded.
You hit the gnoll.
You kill the gnoll!
Trog accepts your kill. The jelly barely misses you.
You hit the jelly but do no damage.
Your hands burn!
* * * LOW HITPOINT WARNING * * *
The jelly is severely wounded.
The jelly hits you.
* * * LOW HITPOINT WARNING * * *
You are splashed with acid!
The acid burns!
You die...

####. . .... . .( ...
##.. ... ..# ###...
..#.. .#..##.
...#....... #J).....###
#######@.##.. .#
###......)###.#..###
#.(.####### #.#....#
####.### ##.#....#
#####....# ####......#
..#..<####
####....^.##.#
....#########.((.###.##
..#### #......(###...#
.....###......(# ##..#


You could see a jelly.

Vanquished Creatures
  Grinder (D:3)
  Sigmund (D:2)
  A black bear (D:6)
  An ogre (D:5)
  A centaur (D:6)
  2 bullfrogs (D:6)
  A scorpion (D:4)
  A jelly (D:6)
  2 crimson imps
  A centaur zombie (D:5)
  2 orc priests (D:4)
  A bullfrog skeleton (D:4)
  An iguana (D:4)
  2 worker ants (D:4)
  Natasha (thrice) (D:3)
  A hound zombie (D:6)
  7 gnolls
  A howler monkey skeleton (D:4)
  3 adders
  A shadow imp (D:6)
  2 oozes
  A worm (D:4)
  2 dart slugs (D:3)
  3 leopard geckos (D:1)
  7 orcs
  6 bats
  8 giant cockroaches
  6 goblins
  13 hobgoblins
  2 jackals (D:1)
  2 quokkas
  A ball python (D:3)
  2 frilled lizards
  6 kobolds
  A quokka skeleton (D:5)
  6 rats
102 creatures vanquished.

Notes
Turn   | Place    | Note
-------+----------+-------------------------------------------
     0 | D:1      | sanboga the Gargoyle Berserker began the quest for the Orb.
     0 | D:1      | Reached XP level 1. HP: 14/14 MP: 1/1
   114 | D:1      | Reached XP level 2. HP: 10/19 MP: 2/2
   657 | D:1      | Reached XP level 3. HP: 15/23 MP: 3/3
   941 | D:1      | Reached ** piety under Trog
  1364 | D:2      | Reached XP level 4. HP: 29/29 MP: 4/4
  1442 | D:2      | Found a hazy altar of Hepliaklqana.
  1746 | D:2      | Noticed Sigmund
  1782 | D:2      | Killed Sigmund
  1782 | D:2      | Reached XP level 5. HP: 15/34 MP: 5/5
  1782 | D:2      | Reached XP level 6. HP: 17/39 MP: 6/6
  2272 | D:3      | Noticed Grinder
  2275 | D:3      | Paralysed by Grinder for 3 turns
  2290 | D:3      | Killed Grinder
  2290 | D:3      | Reached XP level 7. HP: 33/44 MP: 7/7
  2449 | D:3      | Reached skill level 5 in Axes
  2548 | D:3      | Reached *** piety under Trog
  2631 | D:3      | Noticed Natasha
  2642 | D:3      | Killed Natasha
  2643 | D:3      | Found a faded altar of an unknown god.
  2725 | D:3      | Noticed Natasha
  2740 | D:3      | Killed Natasha
  3026 | D:3      | Noticed Natasha
  3033 | D:3      | Killed Natasha
  3126 | D:4      | Reached skill level 5 in Fighting
  4021 | D:5      | Entered Level 5 of the Dungeon
  4050 | D:5      | Found an opulent altar of Gozag.
  4092 | D:5      | Reached XP level 8. HP: 19/50 MP: 8/8
  4292 | D:5      | Found a staircase to the Ecumenical Temple.
  4734 | D:6      | Reached skill level 5 in Armour
  4771 | D:6      | Found an iron altar of Okawaru.
  4975 | D:6      | Found a white marble altar of Elyvilon.
  5035 | D:6      | Reached **** piety under Trog
  5053 | D:6      | Splashed by a jelly's acid

Skill      XL: |  1  2  3  4  5  6  7  8 |
---------------+-------------------------+-----
Axes           | 3 4 5 6 |  6.6
Fighting       | 4 5 6 |  6.0
Armour         | 3 4 5 |  5.4
Shields        | 2 3 4 |  4.6
Dodging        | |  1.5

Action                   |  1- 3 |  4- 6 |  7- 9 || total
-------------------------+-------+-------+-------++-------
Melee: Hand axe          |   121 |    79 |   294 ||   494
Invok: Berserk           |       |     2 |       ||     2
  Use: Scroll            |     3 |     2 |     2 ||     7
       Potion            |     1 |     4 |       ||     5
  Eat: Chunk             |     2 |     3 |     7 ||    12
       Ration            |       |       |     1 ||     1
Armor: Animal skin       |    37 |     9 |       ||    46
       Scale mail        |       |    28 |    93 ||   121
       Chain mail        |       |       |    58 ||    58
Dodge: Dodged            |    71 |    16 |   145 ||   232
Block: Buckler           |    14 |    11 |    87 ||   112
